 Dungeon Crawl Stone Soup version 0.19-a0-49-gb8736b8 (webtiles) character file.

17 M4edhros the Grave Robber (level 2, 0/17 HPs)
             Began as an Octopode Necromancer on May 6, 2016.
             Hit by a goblin thrown by Robin (1 damage)
             ... on level 2 of the Dungeon.
             The game lasted 00:00:56 (212 turns).

M4edhros the Grave Robber (Octopode Necromancer)     Turns: 212, Time: 00:00:57

Health: 0/17       AC:  1    Str:  7    XL:     2   Next: 62%
Magic:  1/5        EV: 12    Int: 22    God:
Gold:   35         SH:  0    Dex: 12    Spells: 1 memorised, 4 levels left

rFire  . . .     SeeInvis .       - Unarmed
rCold  . . .     Gourm    .     (no shield)
rNeg   . . .     Faith    .     (helmet restricted)
rPois  .         Spirit   .     (no amulet)
rElec  .         Dismiss  .     (no ring)
rCorr  .         Reflect  .     (no ring)
SustAt .         Harm     .     (no ring)
MR     .....                    (no ring)
Stlth  +++.......               (no ring)
                                (no ring)
                                (no ring)
                                (no ring)

@: brilliant, not resistant to hostile enchantments, fairly stealthy
A: almost no armour, amphibious, 8 rings, constrict 8, camouflage 1, gelatinous
body 1
a: no special abilities


You were on level 2 of the Dungeon.
You were not hungry.

You visited 1 branch of the dungeon, and saw 2 of its levels.

You collected 35 gold pieces.

Inventory:

Scrolls
 c - a scroll of magic mapping {unknown}
 e - a scroll of teleportation {unknown}
 f - a scroll of remove curse {unknown}
 g - a scroll of recharging {unknown}
Books
 a - a book of Necromancy

   Spells                             Type                      Level
   a - Pain                           Necromancy                   1
   b - Animate Skeleton               Necromancy                   1
   c - Vampiric Draining              Necromancy                   3
   d - Regeneration                   Charms/Necromancy            3
   e - Animate Dead                   Necromancy                   4
   f - Control Undead                 Necromancy                   4
Comestibles
 b - 3 bread rations


   Skills:
 - Level 2.0 Dodging
 - Level 2.6 Stealth
 + Level 2.2 Unarmed Combat
 - Level 2.0 Spellcasting
 - Level 4.0 Necromancy


You had 4 spell levels left.
You knew the following spells:

 Your Spells              Type           Power        Failure   Level  Hunger
a - Pain                  Necr           ####         1%          1    #......


Dungeon Overview and Level Annotations

Branches:
Dungeon (2/15)

Altars:

Annotations:
D:2 Robin


Innate Abilities, Weirdness & Mutations

You cannot wear most types of armour.
You are amphibious.
You can wear up to eight rings at the same time.
You can use your tentacles to constrict eight enemies at once.
Your skin changes colour to match your surroundings (Stealth).
Your rubbery body absorbs attacks (AC +1).


Message History

Your squeeze misses the goblin.
The goblin is moderately wounded.
The goblin barely misses you.
Robin of the Strong Arm comes into view.
She is wielding a club.
Robin shouts!
You tentacle-slap the goblin. You grab the goblin.
You squeeze the goblin, but do no damage.
The goblin is severely wounded.
You constrict the goblin.
You kill the goblin!
You hear a shout! x3
Robin roars a battlecry!
The goblin goes into a battle-frenzy!
Drink which item? (? for menu, Esc to quit)
It was a potion of brilliance.
You feel clever all of a sudden.
Robin says, "Feeling lonely?"
A goblin comes into view. It is wielding a dagger.
Robin throws the goblin at you!
You die...

###.### ### #### ....... ..#
...# # . ....#
#####.######...#.# . #..# #..
.............# .###..### #.#
#.# #........#
........###.###.###........##
................@.g..g.......
..<.)..<##...##g####.#...####
..†........#.##.# #.##.##
........##...##.# #.# #)#
...........####.# #.. #g.
#.......##.# #.# ### ###
#.########.# #.# #. #.# #.#
#. #.#


You could see Robin and 2 goblins.

Vanquished Creatures
  A dart slug (D:2)
  3 bats
  6 goblins
  A hobgoblin (D:1)
  A jackal (D:1)
  A kobold (D:1)
13 creatures vanquished.

Notes
Turn   | Place    | Note
--------------------------------------------------------------
     0 | D:1      | M4edhros the Octopode Necromancer began the quest for the Orb.
     0 | D:1      | Reached XP level 1. HP: 11/11 MP: 3/3
    57 | D:1      | Reached skill level 1 in Unarmed Combat
   117 | D:2      | Reached XP level 2. HP: 3/17 MP: 0/5
   207 | D:2      | Noticed Robin
   212 | D:2      | Hit by a goblin thrown by Robin

Vault maps used:
D:1:      saegor_arrival_miasma, minmay_statues_item, st_stairs_13
D:2:      ecumenical_altar_2, uniq_robin

Skill      XL: |  1  2 |
---------------+-------+-----
Unarmed Combat | 1 2 |  2.2
Dodging        | |  2.0
Stealth        | |  2.6
Spellcasting   | |  2.0
Necromancy     | |  4.0

Action                   || total
-------------------------++-------
Melee: Unarmed           ||    15
       Constrict         ||     6
       Tentacles         ||     3
 Cast: Pain              ||    12
  Use: Potion            ||     1
 Stab: Sleeping          ||     2
Armor: Skin              ||     2
Dodge: Dodged            ||     8
